 Dungeon Crawl Stone Soup version 0.31-a0-237-g2d982f9f85 (webtiles) character file.

Game seed: 3517309233755699103

120 qw the Shooter (level 5, -5/30 HPs)
             Began as a Gargoyle Hexslinger on July 10, 2023.
             Slain by a gnoll
             ... wielding a +0 club
              (8 damage)
             ... on level 3 of the Dungeon.
             The game lasted 00:00:52 (1935 turns).

qw the Shooter (Gargoyle Hexslinger)                Turns: 1935, Time: 00:00:53

Health: -5/30      AC:  9    Str: 12    XL:     5   Next: 4%
Magic:  6/6        EV: 10    Int: 13    God:
Gold:   103        SH:  0    Dex: 14    Spells: 5/6 levels left

rFire   + . .        Y - +1 sling
rCold   . . .        (no shield)
rNeg    + . .        d - +0 ring mail
rPois   inf          (no helmet)
rElec   +            (no cloak)
rCorr   .            (no gloves)
SInv    .            (no boots)
Will    .....        (no amulet)
Stlth   +            c - ring of protection from fire
HPRegen 0.25/turn    (no ring)
MPRegen 0.10/turn

%: no passive effects
@: about to teleport
A: sickness immunity, AC +4, negative energy resistance 1, electricity
resistance, torment resistance 1, petrification resistance
a: no special abilities


You were on level 3 of the Dungeon.
You visited 1 branch of the dungeon, and saw 3 of its levels.

You collected 103 gold pieces.


Innate Abilities, Weirdness & Mutations

You are immune to sickness and miasma.
Your stone body is resilient. (AC +4)
You are immune to poison.
You resist negative energy. (rN+)
You are resistant to electric shocks. (rElec)
You are resistant to unholy torment.
You are immune to petrification.


   Skills:
 - Level 2.0 Fighting
 + Level 4.6 Ranged Weapons
 - Level 1.0 Armour
 - Level 1.5 Dodging
 - Level 1.0 Spellcasting
 - Level 2.6 Hexes


You had 5 spell levels left.
You knew the following spells:

 Your Spells              Type           Power      Damage    Failure   Level
a - Slow                  Hex            28%        N/A       22%         1

Your spell library contained the following spells:

 Spells                   Type           Power      Damage    Failure   Level
 Inner Flame              Hex/Fire       4%         N/A       73%         3
 Portal Projectile        Hex/Tloc       8%         N/A       73%         3
 Cause Fear               Hex            3%         N/A       91%         4

Inventory:

Hand Weapons
 Y - a +1 sling (weapon)
Armour
 d - a +0 ring mail (worn)
Jewellery
 c - a ring of protection from fire (left hand)
Scrolls
 a - 2 scrolls of identify
 b - a scroll of teleportation
 g - a scroll of amnesia {unknown}
Potions
 e - 2 potions of heal wounds {unknown}
 f - a potion of lignification {unknown}
 h - a potion of resistance {unknown}

Dungeon Overview and Level Annotations

Branches:
Dungeon (3/15)

Altars:


Message History

2 gnolls and a hobgoblin come into view.
The gnoll shouts!
The hobgoblin shouts!
1926 ||| Stepping ~*~*~tactically~*~*~ (outnumbered).
You shoot a sling bullet. The sling bullet hits the gnoll.
The gnoll is moderately wounded.
You shoot a sling bullet.
The sling bullet barely misses the gnoll.
The gnoll closely misses you.
The gnoll hits you but does no damage. x2
You shoot a sling bullet.
The sling bullet closely misses the gnoll.
The gnoll closely misses you.
The gnoll hits you from afar with a +0 halberd.
You shoot a sling bullet. The sling bullet hits the gnoll.
The gnoll is heavily wounded.
The gnoll closely misses you.
The gnoll hits you from afar with a +0 halberd.
You shoot a sling bullet.
The sling bullet closely misses the gnoll.
The sling bullet hits the gnoll but does no damage.
The gnoll hits you but does no damage.
The gnoll hits you from afar with a +0 halberd.
You shoot a sling bullet. The sling bullet hits the gnoll.
The gnoll is almost dead.
The gnoll hits you but does no damage. The gnoll barely misses you.
The gnoll closely misses you.
The gnoll hits you from afar with a +0 halberd.
You shoot a sling bullet. The sling bullet hits the gnoll.
You kill the gnoll!
The gnoll barely misses you.
You have reached level 5!
You shoot a sling bullet.
The sling bullet completely misses the gnoll.
The sling bullet hits the hobgoblin but does no damage.
The gnoll hits you from afar with a +0 halberd!
The gnoll closely misses you. The gnoll barely misses you.
1935 ||| READING 2 scrolls of teleportation.
As you read the scroll of teleportation, it crumbles to dust.
You feel strangely unstable. The gnoll hits you with a +0 club!
You die...

#....# #.###. .....
#.# #. ###.....
#######.###. ......#
............
####.#..##
###########.
.gg.g.... #. #..gg#
#. #g# #.
#.##@################
#....................
#####################


You could see 2 gnolls and a hobgoblin.

Vanquished Creatures
  A gnoll (D:3)
  3 adders (D:2)
  An ufetubus (D:3)
  A worm (D:2)
  4 dart slugs
  3 orcs (D:3)
  8 endoplasms
  7 goblins
  3 hobgoblins (D:1)
  5 kobolds
  5 quokkas
  8 ball pythons
  6 bats
  5 frilled lizards
  4 rats
64 creatures vanquished.

Notes
Turn   | Place    | Note
-------+----------+-------------------------------------------
     0 | D:1      | qw the Gargoyle Hexslinger began the quest for the Orb.
     0 | D:1      | Reached XP level 1. HP: 12/12 MP: 2/2
     0 | D:1      | 0 ||| qw: Version: 0.3-a-52-g30416fa
     0 | D:1      | 0 ||| qw: Game counter: 5256
     0 | D:1      | 0 ||| qw: Melee chars always use a shield: true
     0 | D:1      | 0 ||| qw: God list: Okawaru
     0 | D:1      | 0 ||| qw: Allow faded altars: false
     0 | D:1      | 0 ||| qw: Do Orc after clearing Dungeon:15 true
     0 | D:1      | 0 ||| qw: Do second Lair branch before Depths: true
     0 | D:1      | 0 ||| qw: Lair rune preference: random
     0 | D:1      | 0 ||| qw: Goals: Normal
     0 | D:1      | 0 ||| PLANNING D:1-11
   204 | D:1      | Found a faded altar of an unknown god.
   250 | D:1      | Reached XP level 2. HP: 15/16 MP: 3/3
   276 | D:1      | 276 ||| Stepping ~*~*~tactically~*~*~ (outnumbered).
   282 | D:1      | Reached skill level 3 in Ranged Weapons
   441 | D:1      | Reached XP level 3. HP: 21/21 MP: 4/4
   806 | D:1      | 806 ||| UPGRADING to +0 leather armour.
   816 | D:1      | 816 ||| DROPPING +0 robe.
   817 | D:1      | 817 ||| READING scroll labelled UTSODATUIF.
   818 | D:1      | 818 ||| READING scroll labelled JYSURRYWUS.
   821 | D:1      | 821 ||| READING scroll labelled YNNEMA GUPN.
   822 | D:1      | 822 ||| DROPPING scroll of poison.
  1069 | D:2      | Reached XP level 4. HP: 25/26 MP: 5/5
  1090 | D:2      | Reached skill level 4 in Ranged Weapons
  1423 | D:2      | 1423 ||| UPGRADING to +0 ring mail.
  1433 | D:2      | 1433 ||| DROPPING +0 leather armour.
  1434 | D:2      | 1434 ||| UPGRADING to ring of protection from fire.
  1435 | D:2      | 1435 ||| DRINKING 2 ruby potions.
  1436 | D:2      | 1436 ||| READING 3 scrolls of identify.
  1436 | D:2      | 1436 ||| IDENTIFYING murky amethyst potion
  1437 | D:2      | 1437 ||| DROPPING potion of magic.
  1438 | D:2      | 1438 ||| DROPPING potion of attraction.
  1672 | D:3      | Reached skill level 1 in Armour
  1684 | D:3      | 1684 ||| FLEEEEING.
  1685 | D:3      | 1685 ||| FLEEEEING.
  1686 | D:3      | 1686 ||| FLEEEEING.
  1687 | D:3      | 1687 ||| FLEEEEING.
  1688 | D:3      | 1688 ||| FLEEEEING.
  1689 | D:3      | 1689 ||| FLEEEEING.
  1690 | D:3      | 1690 ||| FLEEEEING.
  1691 | D:3      | 1691 ||| FLEEEEING.
  1923 | D:3      | 1923 ||| Stepping ~*~*~tactically~*~*~ (outnumbered).
  1926 | D:3      | 1926 ||| Stepping ~*~*~tactically~*~*~ (outnumbered).
  1934 | D:3      | Reached XP level 5. HP: 13/30 MP: 6/6
  1934 | D:3      | HP: 2/30 [gnoll/+0 halberd (11)]
  1935 | D:3      | 1935 ||| READING 2 scrolls of teleportation.
  1935 | D:3      | Slain by a gnoll

Levels and vault maps discovered:
D:1:      dpeg_cavernosity, layout_loops_ring, shapermc_ecumenical_altar_venn,
          minmay_tetromino_o4
D:2:      layout_rooms, kennysheep_decorative_pillar, minmay_misc_feat_room
D:3:      layout_basic

Skill      XL: |  1  2  3  4 |
---------------+-------------+-----
Ranged Weapons | 3 4 |  4.6
Fighting       | 2 |  2.0
Armour         | 1 |  1.0
Dodging        | |  1.5
Spellcasting   | |  1.0
Hexes          | |  2.6

Action                     |  1- 3 |  4- 6 || total
---------------------------+-------+-------++-------
   Fire: Sling             |   124 |    84 ||   208
    Use: Scroll            |     3 |     2 ||     5
         Potion            |       |     1 ||     1
 Armour: Robe              |    12 |       ||    12
         Leather armour    |     9 |     8 ||    17
         Ring mail         |       |    23 ||    23
  Dodge: Dodged            |    45 |    42 ||    87

Table legend:
 A = Non-vault XP
 B = Vault XP
 C = Vault XP percentage of total XP
 D = Non-vault monster count
 E = Vault monster count
 F = Vault count percentage of total count
                 A         B        C        D         E       F
            +---------+---------+-------+---------+---------+-------
      Total |     158 |      14 |   8.1 |      57 |       7 |  10.9
            +---------+---------+-------+---------+---------+-------
        D:1 |      47 |      14 |  23.0 |      26 |       7 |  21.2
        D:2 |      63 |       0 |   0.0 |      15 |       0 |   0.0
        D:3 |      48 |       0 |   0.0 |      16 |       0 |   0.0
            +---------+---------+-------+---------+---------+-------
